 Dungeon Crawl Stone Soup version 0.28-a0-563-gf77a47075d (webtiles) character file.

Game seed: 15489623741213422797

81 robertstho the Magician (level 4, -15/32 HPs)
             Began as a Djinni Fire Elementalist on Sept 29, 2021.
             Demolished by an ogre (26 damage)
             ... on level 3 of the Dungeon.
             The game lasted 00:03:15 (2905 turns).

robertstho the Magician (Djinni Fire Elementalist)  Turns: 2905, Time: 00:03:15

Health: -15/32     AC:  2    Str:  7    XL:     4   Next: 68%
Gold:   79         EV: 12    Int: 17    God:
                   SH:  0    Dex: 14

rFire   + + .      SeeInvis +   f - +2 dagger (protect)
rCold   x . .      Faith    .   (no shield)
rNeg    + . .      Spirit   .   a - +0 robe
rPois   ∞          Reflect  .   (no helmet)
rElec   .          Harm     .   (no cloak)
rCorr   .          Rampage  .   (no gloves)
Will    .....                   (boots unavailable)
Stlth   ++........              (no amulet)
HPRegen 0.10/turn               j - ring of see invisible
MPRegen 0.00/turn               m - ring of positive energy

@: flying
A: sickness immunity, fire resistance 2, cold vulnerability 1, float, innate
caster, hp casting, extra vitality 1
a: no special abilities


You were on level 3 of the Dungeon.
You visited 1 branch of the dungeon, and saw 3 of its levels.

You collected 79 gold pieces.

Inventory:

Hand Weapons
 f - a +2 dagger of protection (weapon)
Armour
 a - a +0 robe (worn)
Jewellery
 j - a ring of see invisible (left hand)
 m - a ring of positive energy (right hand)
Scrolls
 b - a scroll of enchant weapon {unknown}
 g - a scroll of teleportation {unknown}
 h - a scroll of identify {unknown}
Potions
 c - a potion of curing {unknown}
 d - a potion of might {unknown}
 e - a potion of flight {unknown}
 i - a potion of heal wounds {unknown}
 k - 2 potions of attraction {unknown}
 l - a potion of lignification {unknown}


   Skills:
 * Level 1.1 Fighting
 + Level 2.3 Dodging
 + Level 1.8 Stealth
 * Level 3.6 Spellcasting


You couldn't memorise any spells.
You knew the following spells:

 Your Spells              Type           Power      Damage    Failure   Level
a - Foxfire               Conj/Fire      60%        2x1d7     3%          1
b - Scorch                Fire           30%        2d7       5%          2
c - Conjure Flame         Conj/Fire      15%        6-21      11%         3
d - Inner Flame           Hex/Fire       15%        N/A       11%         3
e - Flame Wave            Conj/Fire      15%        3d5       34%         4
f - Sting                 Tmut/Pois      60%        1d6       3%          1
Your spell library was empty.

Dungeon Overview and Level Annotations

Branches:
Dungeon (3/15)

Altars:


Innate Abilities, Weirdness & Mutations

You are immune to sickness and miasma.
You are immune to poison.
Your flesh is very heat resistant. (rF++)
You are vulnerable to cold. (rC-)
You float through the air rather than walking.
You learn spells naturally, not from books.
Your magical power is your life essence.
You have superior vitality. (+4 HP)


Message History

The worm's fire resistance burns away.
You hear a shout!
Casting: Scorch (safe; 5% risk of failure)
Confirm with . or Enter, or press ? or * to list all spells.
Flames lash the worm.
The worm is burned terribly!
You kill the worm!
An endoplasm comes into view.
An endoplasm is nearby!
An endoplasm is nearby!
Casting: Scorch (safe; 5% risk of failure)
Confirm with . or Enter, or press ? or * to list all spells.
Flames lash the endoplasm.
You kill the endoplasm!
Casting: Scorch (safe; 5% risk of failure)
Confirm with . or Enter, or press ? or * to list all spells.
Nothing appears to happen.
Unknown command.
A ball python comes into view.
A ball python is nearby!
A ball python is nearby!
A ball python is nearby!
A ball python is nearby!
Found a stone staircase leading down.
The ball python hisses angrily.
The ball python barely misses you. The ball python grabs you.
The ball python constricts you.
An ogre comes into view. It is wielding a +0 giant spiked club.
You hit the ball python.
Your weapon exudes an aura of protection.
The ball python is severely wounded.
The ball python barely misses you. The ball python constricts you.
You hit the ball python.
You kill the ball python!
You hit the ogre but do no damage.
The ogre hits you with a +0 giant spiked club!
You see here a worm corpse.
There is a stone staircase leading up here.
The ogre hits you with a +0 giant spiked club!!
Ouch! That really hurt!
You die...

#########
#.@O..†.# ##.#
#.......####>...#
#..............#
............####.#
#####.......# #
#.......#
.........#
########..# ##..


You could see an ogre.

Vanquished Creatures
  2 adders (D:2)
  2 worms
  3 dart slugs
  6 endoplasms
  A giant cockroach (D:2)
  5 goblins
  5 hobgoblins
  4 quokkas (D:1)
  6 ball pythons
  3 frilled lizards
  4 kobolds
  8 rats
49 creatures vanquished.

Vanquished Creatures (others)
  133 foxfires
133 creatures vanquished.

Grand Total: 182 creatures vanquished

Notes
Turn   | Place    | Note
-------+----------+-------------------------------------------
     0 | D:1      | robertstho the Djinni Fire Elementalist began the quest for
                  | the Orb.
     0 | D:1      | Reached XP level 1. HP: 15/15 MP: 0/0
   404 | D:1      | Reached XP level 2. HP: 20/22 MP: 0/0
  1224 | D:1      | Reached XP level 3. HP: 21/26 MP: 0/0
  1224 | D:1      | Learned a level 1 spell: Sting
  1293 | D:1      | Found a faded altar of an unknown god.
  1298 | D:1      | Reached skill level 3 in Spellcasting
  1367 | D:1      | Reached skill level 1 in Fighting
  1500 | D:1      | You are sucked into a shaft and drop 1 floor!
  2086 | D:2      | Reached XP level 4. HP: 24/32 MP: 0/0
  2893 | D:3      | Noticed an ogre
  2905 | D:3      | Demolished by an ogre

Illustrated notes

Levels and vault maps discovered:
D:1:      lightli_arrival_lavapool, layout_rooms,
          hellmonk_ecumenical_altar_heavens_door, minmay_cut_off
D:2:      layout_loops_ring, kennysheep_minor_cross
D:3:      layout_rooms, grunt_temple_overflow_lords_of_destruction

Skill      XL: |  1  2  3 |
---------------+----------+-----
Spellcasting   | 3 |  3.6
Fighting       | 1 |  1.1
Dodging        | |  2.3
Stealth        | |  1.8

Action                   |  1- 3 |  4- 6 || total
-------------------------+-------+-------++-------
Melee: Dagger            |     1 |     4 ||     5
 Cast: Foxfire           |    74 |     7 ||    81
       Scorch            |    17 |    15 ||    32
Armor: Robe              |     3 |       ||     3
Dodge: Dodged            |     4 |     6 ||    10

Table legend: (Time is in decaauts)
 A = Elapsed time spent in this place.
 B = Non-inter-level travel time spent in this place.
 C = Inter-level travel time spent in this place.
 D = Time resting spent in this place.
 E = Time spent auto-exploring this place.
 F = Levels seen in this place.
 G = Mean time per level.
                   A        B        C        D        E       F      G
               +--------+--------+--------+--------+--------+-----+--------+
         Total |   2903 |   2887 |     16 |      0 |   2620 |   3 |  967.7 |
       Dungeon |   2903 |   2887 |     16 |      0 |   2620 |   3 |  967.7 |
               +--------+--------+--------+--------+--------+-----+--------+

Top non-repeatable levels by time:
     D:1: 1499 daAuts
     D:2: 1377 daAuts
     D:3: 25 daAuts
